General information
- name: BNet
- type: Ladder team game (AT/RT)
- host: Battle.net
- saver: MyFyYah
map: TwilightRuins
- players: 8
- length: 07:45
- speed: Fast
- version: 1.27 W3XP
- replay type: Public
» download(45 KB)
Players
team 1 (winner)
CrazyMonkey10 (
blue | 30 APM | 231 actions | 07:45)
3 Dark Ranger
2 Black Arrow
1 Life Drain
» actions
| Build / train | 29 | |
| Enter build submenu | 11 | |
| Enter hero's abilities submenu | 3 | |
| Give item / drop item | 2 | |
| Right click | 90 | |
| Select / deselect | 79 | |
| Use ability | 17 | |
231 total
» units
| Acolyte | 7 | |
| Ghoul | 4 | |
| Crypt Fiend | 4 | |
15 total
» upgrades
| Creature Carapace | 1 | |
| Creature Attack | 1 | |
| Unholy Armor | 1 | |
| Unholy Strength | 1 | |
| Web | 1 | |
| Burrow | 1 | |
6 total
» buildings
| Ziggurat | 5 | |
| Graveyard | 1 | |
| Crypt | 1 | |
| Altar of Darkness | 1 | |
| Tomb of Relics | 1 | |
| Nerubian Tower | 1 | |
| Halls of the Dead | 1 | |
| Spirit Tower | 1 | |
12 total
» build order
00:14 Ziggurat
00:17 Graveyard
00:39 Crypt
00:59 Altar of Darkness
01:14 Tomb of Relics
01:28 Ziggurat
02:01 Nerubian Tower
03:18 Ziggurat
04:51 Halls of the Dead
05:09 Ziggurat
05:43 Ziggurat
06:06 Spirit Tower
» items
TommyPicklez (
teal | 33 APM | 259 actions | 07:45)
2 Mountain King
1 Storm Bolt
1 Thunder Clap
» actions
| Build / train | 27 | |
| Enter build submenu | 20 | |
| Enter hero's abilities submenu | 2 | |
| Give item / drop item | 1 | |
| Right click | 88 | |
| Select / deselect | 98 | |
| Use ability | 23 | |
259 total
» units
| Peasant | 10 | |
| Footman | 5 | |
| Rifleman | 3 | |
18 total
» buildings
| Altar of Kings | 1 | |
| Barracks | 1 | |
| Farm | 6 | |
| Scout Tower | 6 | |
| Blacksmith | 1 | |
| Arcane Tower | 1 | |
| Lumber Mill | 1 | |
| Arcane Vault | 1 | |
| Keep | 1 | |
| Town Hall | 1 | |
| Guard Tower | 2 | |
22 total
» build order
00:21 Altar of Kings
00:37 Barracks
00:53 Farm
01:06 Farm
01:53 Farm
01:58 Scout Tower
02:15 Blacksmith
02:27 Scout Tower
02:39 Arcane Tower
02:56 Farm
03:17 Lumber Mill
03:37 Arcane Vault
04:04 Farm
05:00 Keep
05:29 Farm
06:06 Scout Tower
06:14 Town Hall
06:21 Scout Tower
06:44 Guard Tower
06:46 Scout Tower
07:06 Guard Tower
07:08 Scout Tower
» items

»
NI666ER (
yellow | 33 APM | 253 actions | 07:45)
3 Death Knight
2 Death Coil
1 Unholy Aura
» actions
| Assign group hotkey | 8 | |
| Basic commands | 34 | |
| Build / train | 23 | |
| Enter build submenu | 10 | |
| Enter hero's abilities submenu | 3 | |
| Remove unit from queue | 1 | |
| Right click | 44 | |
| Select / deselect | 58 | |
| Select group hotkey | 52 | |
| Use ability | 20 | |
253 total
» units
| Acolyte | 3 | |
| Ghoul | 3 | |
| Crypt Fiend | 7 | |
| Goblin Shredder | 1 | |
14 total
» buildings
| Crypt | 1 | |
| Graveyard | 1 | |
| Ziggurat | 3 | |
| Altar of Darkness | 1 | |
| Tomb of Relics | 1 | |
| Nerubian Tower | 1 | |
| Halls of the Dead | 1 | |
| Necropolis | 1 | |
10 total
» build order
00:11 Crypt
00:20 Graveyard
00:45 Ziggurat
00:58 Altar of Darkness
01:23 Tomb of Relics
02:08 Ziggurat
02:12 Nerubian Tower
04:10 Ziggurat
05:34 Halls of the Dead
06:51 Necropolis
» items
| Rod of Necromancy | 1 | |
| Periapt of Vitality | 1 | |
2 total
UmustATKtoWIN (
orange | 43 APM | 330 actions | 07:45)
3 Mountain King
2 Storm Bolt
1 Bash
» actions
| Basic commands | 7 | |
| Build / train | 32 | |
| Enter build submenu | 11 | |
| Enter hero's abilities submenu | 3 | |
| Right click | 142 | |
| Select / deselect | 116 | |
| Use ability | 19 | |
330 total
» units
» upgrades
| Defend | 1 | |
| Lumber Harvesting | 1 | |
2 total
» buildings
| Farm | 4 | |
| Altar of Kings | 1 | |
| Barracks | 4 | |
| Lumber Mill | 1 | |
| Keep | 1 | |
| Blacksmith | 1 | |
| Town Hall | 1 | |
| Castle | 1 | |
14 total
» build order
00:34 Farm
00:36 Altar of Kings
00:39 Barracks
00:48 Farm
01:20 Lumber Mill
02:21 Farm
03:08 Farm
03:58 Keep
04:33 Blacksmith
04:42 Town Hall
05:42 Barracks
05:43 Barracks
07:36 Barracks
07:37 Castle
» items
team 2 (loser)
whatyouwanmedo (
purple | 42 APM | 198 actions | 04:43)
1 Blademaster
1 Critical Strike
» actions
| Assign group hotkey | 7 | |
| Basic commands | 3 | |
| Build / train | 13 | |
| Enter build submenu | 6 | |
| Enter hero's abilities submenu | 1 | |
| Right click | 44 | |
| Select / deselect | 43 | |
| Select group hotkey | 72 | |
| Use ability | 9 | |
198 total
» units
» buildings
| Altar of Storms | 1 | |
| Orc Burrow | 2 | |
| Barracks | 1 | |
| Stronghold | 1 | |
| Voodoo Lounge | 1 | |
| War Mill | 1 | |
7 total
» build order
00:07 Altar of Storms
00:18 Orc Burrow
00:31 Barracks
01:33 Orc Burrow
02:43 Stronghold
02:55 Voodoo Lounge
03:08 War Mill

»
EroSC (
pink | 49 APM | 372 actions | 07:38)
1 Blademaster
1 Wind Walk
1 Shadow Hunter
1 Healing Wave
» actions
| Assign group hotkey | 7 | |
| Basic commands | 9 | |
| Build / train | 33 | |
| Enter build submenu | 12 | |
| Enter hero's abilities submenu | 2 | |
| Right click | 103 | |
| Select / deselect | 182 | |
| Select group hotkey | 5 | |
| Use ability | 19 | |
372 total
» units
| Peon | 22 | |
| Troll Headhunter/Berserker | 4 | |
26 total
» buildings
| Altar of Storms | 1 | |
| Orc Burrow | 3 | |
| Voodoo Lounge | 1 | |
| War Mill | 1 | |
| Stronghold | 1 | |
| Watch Tower | 3 | |
| Barracks | 1 | |
| Spirit Lodge | 1 | |
| Beastiary | 1 | |
| Fortress | 1 | |
14 total
» build order
00:25 Altar of Storms
00:42 Orc Burrow
00:56 Voodoo Lounge
01:14 War Mill
01:38 Orc Burrow
02:37 Orc Burrow
03:07 Stronghold
03:10 Watch Tower
03:24 Barracks
03:58 Watch Tower
04:43 Watch Tower
05:35 Spirit Lodge
05:38 Beastiary
06:11 Fortress
» items

»
6GoD (
red | 114 APM | 748 actions | 06:33)
1 Tauren Chieftain
1 War Stomp
» actions
| Basic commands | 15 | |
| Build / train | 15 | |
| Enter build submenu | 13 | |
| Enter hero's abilities submenu | 1 | |
| Right click | 554 | |
| Select / deselect | 137 | |
| Use ability | 13 | |
748 total
» units
» upgrades
» buildings
| Altar of Storms | 1 | |
| Orc Burrow | 2 | |
| Voodoo Lounge | 1 | |
| War Mill | 1 | |
| Stronghold | 1 | |
| Watch Tower | 6 | |
| Fortress | 1 | |
13 total
» build order
00:12 Altar of Storms
00:18 Orc Burrow
01:27 Orc Burrow
01:38 Voodoo Lounge
02:28 War Mill
03:13 Stronghold
04:04 Watch Tower
04:07 Watch Tower
04:08 Watch Tower
06:04 Fortress
06:16 Watch Tower
06:20 Watch Tower
06:26 Watch Tower
» items
MyFyYah (
green | 18 APM | 138 actions | 07:45)
» actions
| Basic commands | 14 | |
| Build / train | 19 | |
| Enter build submenu | 12 | |
| Right click | 16 | |
| Select / deselect | 57 | |
| Use ability | 20 | |
138 total
» units
» upgrades
| Masonry | 2 | |
| Lumber Harvesting | 1 | |
3 total
» buildings
| Lumber Mill | 1 | |
| Scout Tower | 11 | |
| Guard Tower | 7 | |
| Arcane Tower | 1 | |
| Keep | 1 | |
21 total
» build order
01:27 Lumber Mill
01:48 Scout Tower
01:51 Scout Tower
01:54 Scout Tower
01:56 Scout Tower
02:00 Scout Tower
02:54 Guard Tower
03:26 Arcane Tower
03:44 Keep
04:21 Scout Tower
04:22 Scout Tower
04:24 Scout Tower
04:25 Scout Tower
04:26 Scout Tower
04:27 Scout Tower
05:15 Guard Tower
05:17 Guard Tower
05:29 Guard Tower
05:46 Guard Tower
05:55 Guard Tower
06:04 Guard Tower
Chat log
(00:48 / Allies) EroSC: afk
(00:54 / Allies) whatyouwanmedo: wait a min
(00:57 / Allies) whatyouwanmedo: big map
(00:58 / Allies) whatyouwanmedo: its ok
(01:00 / Allies) 6GoD: so plan?
(03:44 / Allies) EroSC: green whats
(04:46 / Allies) 6GoD: WTF
(05:00 / All) NI666ER: gay
(05:02 / All) NI666ER: Chyna overdosed on testosterone, Prince od'd on estrogen
(05:04 / Allies) 6GoD: green?
(05:50 / All) MyFyYah: how do double yy males survive
(05:52 / Allies) EroSC: red control purple
(06:21 / Allies) MyFyYah: I drain gold, I not share, I not build
(06:32 / Allies) MyFyYah: don't like it? fuck u!
(06:33 / Allies) 6GoD: fck this
(06:44 / Allies) MyFyYah: HEHEHEHEHE
(06:46 / Allies) MyFyYah: HEHEHEHEHEHE
(07:06 / Allies) MyFyYah: HEHEHE YOU FIGHT ALONE
(07:21 / All) TommyPicklez: fun game
(07:25 / Allies) EroSC: green lol
(07:26 / All) MyFyYah: HEHEHEHEHE
(07:29 / All) MyFyYah: HEHEHEHEHEHEHEHE
(07:31 / All) MyFyYah: HEHEHEHEHEHE
(07:33 / All) EroSC: green lol
(07:34 / All) NI666ER: gtfo
(07:42 / All) MyFyYah: HEHEHEHEHE